 Dungeon Crawl Stone Soup version 0.29-a0-676-ga64570c (webtiles) character file.

Game seed: 2858731316283755662

112 Dawnplanks the Chopper (level 4, -3/40 HPs)
             Began as a Hill Orc Monk on June 24, 2022.
             Slain by Terence
             ... wielding a +0 morningstar of protection
              (5 damage)
             ... on level 3 of the Dungeon.
             The game lasted 00:03:59 (2978 turns).

Dawnplanks the Chopper (Hill Orc Monk)              Turns: 2978, Time: 00:03:59

Health: -3/40      AC:  3    Str: 15    XL:     4   Next: 95%
Magic:  4/4        EV: 12    Int: 10    God:
Gold:   125        SH:  0    Dex: 13    Spells: 3/3 levels left

rFire   . . .      SeeInvis .   a - +0 hand axe
rCold   . . .      Faith    .   (no shield)
rNeg    . . .      Spirit   .   m - +0 leather armour
rPois   .          Reflect  .   (no helmet)
rElec   .          Harm     .   (no cloak)
rCorr   .          Rampage  .   (no gloves)
Will    +....                   (no boots)
Stlth   ++........              (no amulet)
HPRegen 0.13/turn               h - ring of willpower
MPRegen 0.09/turn               (no ring)

@: no status effects
A: no striking features
a: no special abilities


You were on level 3 of the Dungeon.
You visited 1 branch of the dungeon, and saw 3 of its levels.

You collected 125 gold pieces.

Inventory:

Hand Weapons
 a - a +0 hand axe (weapon)
Armour
 m - a +0 leather armour (worn)
Jewellery
 h - a ring of willpower (left hand)
Scrolls
 d - a scroll of blinking {unknown}
 e - a scroll of magic mapping {unknown}
 g - a scroll of fog {unknown}
 k - a scroll of teleportation {unknown}
 l - 4 scrolls of identify {unknown}
 n - 3 scrolls of enchant armour {unknown}
Potions
 b - a potion of curing {unknown}
 f - a potion of lignification {unknown}
 i - 2 potions of resistance {unknown}
 j - 2 potions of attraction {unknown}


   Skills:
 + Level 4.2 Fighting
 * Level 5.9 Axes
 + Level 3.2 Dodging
 - Level 1.5 Stealth


You had 3 spell levels left.
You didn't know any spells.
Your spell library contained the following spells:

 Spells                   Type           Power      Damage    Failure   Level
 Blink                    Tloc           0%         N/A       56%         2
 Lesser Beckoning         Tloc           0%         N/A       80%         3
 Leda's Liquefaction      Hex/Erth       0%         N/A       99%         4
 Manifold Assault         Tloc           0%         N/A       100%        5
 Lehudib's Crystal Spear  Conj/Erth      0%         10d2      100%        8


Dungeon Overview and Level Annotations

Branches:
Dungeon (3/15)

Altars:

Shops:
D:2 ?

Annotations:
D:3 Terence


Message History

You are confused.
You feel invigorated.
Terence hits you with a +0 morningstar of protection.
You bump into the rock wall.
Terence barely misses you.
You closely miss Terence.
Terence is moderately wounded.
You feel less invigorated.
You feel less confused. Terence completely misses you.
You closely miss Terence.
Terence is moderately wounded.
Terence barely misses you.
You hit Terence but do no damage.
Terence is moderately wounded.
Terence hits you with a +0 morningstar of protection!
You hit Terence but do no damage.
Terence is moderately wounded.
Terence hits you with a +0 morningstar of protection.
You barely miss Terence.
Terence is moderately wounded.
Terence barely misses you.
You hit Terence but do no damage.
Terence is moderately wounded.
Terence closely misses you.
You hit Terence but do no damage.
Terence is moderately wounded.
Terence hits you with a +0 morningstar of protection!
* * * LOW HITPOINT WARNING * * *
You hit Terence but do no damage.
Terence is moderately wounded.
Terence completely misses you.
You hit Terence but do no damage.
Terence is moderately wounded.
Terence hits you with a +0 morningstar of protection!
* * * LOW HITPOINT WARNING * * *
A kobold comes into view. It is wielding a +0 mace.
The kobold moves out of view.
Terence attacks as you move away!
Terence hits you with a +0 morningstar of protection.
You die...

... # .... >## .... ######
..#.....
..######....######.#..... .
....##.................
...##..#..).....@@.# .#
#...<.....÷).#.##.# ..#
#####.......##.##.# ...
#.#........##g#####.###
............<..........#
...#...#.................
#.....#.##.........†......
..........................
#..........................


You could see Terence.

Vanquished Creatures
  5 adders (D:2)
  A worm (D:3)
  2 dart slugs
  3 bats
  3 endoplasms
  4 giant cockroaches
  2 goblins
  3 hobgoblins
  7 jackals
  2 quokkas (D:2)
  11 ball pythons
  3 frilled lizards
  8 kobolds
  4 rats
58 creatures vanquished.

Notes
Turn   | Place    | Note
-------+----------+-------------------------------------------
     0 | D:1      | Dawnplanks the Hill Orc Monk began the quest for the Orb.
     0 | D:1      | Reached XP level 1. HP: 19/19 MP: 1/1
   279 | D:1      | Reached XP level 2. HP: 27/27 MP: 2/2
   809 | D:1      | Reached XP level 3. HP: 30/33 MP: 3/3
  1264 | D:2      | Found Dyroow's Magic Scroll Boutique.
  1307 | D:2      | Got the Catalogue of Stones
  1519 | D:2      | Reached skill level 5 in Axes
  1666 | D:2      | Reached XP level 4. HP: 17/40 MP: 4/4
  2804 | D:3      | Found a faded altar of an unknown god.
  2939 | D:3      | Noticed Terence
  2975 | D:3      | HP: 1/40 [Terence/+0 morningstar of protection (8)]
  2978 | D:3      | Slain by Terence

Illustrated notes

Levels and vault maps discovered:
D:1:      mainiacjoe_arrival_reflecting_pool, layout_loops_ring,
          wander_ebering_terrifying_dragon_lair
D:2:      layout_basic, serial_shops, shop, minmay_snake_closets
D:3:      layout_rooms, basic_ecumenical_altar, uniq_terence

Skill      XL: |  1  2  3 |
---------------+----------+-----
Fighting       | 4 |  4.2
Dodging        | 3 |  3.2
Axes           | 5 |  5.9
Stealth        | |  1.5

Action                   |  1- 3 |  4- 6 || total
-------------------------+-------+-------++-------
Melee: Hand axe          |   134 |    85 ||   219
       Punch             |     2 |       ||     2
  Use: Potion            |       |     1 ||     1
 Stab: Sleeping          |     8 |     1 ||     9
Armor: Robe              |    14 |     7 ||    21
       Leather armour    |       |    11 ||    11
Dodge: Dodged            |    93 |    60 ||   153

Table legend: (Time is in decaauts)
 A = Elapsed time spent in this place.
 B = Non-inter-level travel time spent in this place.
 C = Inter-level travel time spent in this place.
 D = Time resting spent in this place.
 E = Time spent auto-exploring this place.
 F = Levels seen in this place.
 G = Mean time per level.
                   A        B        C        D        E       F      G
               +--------+--------+--------+--------+--------+-----+--------+
         Total |   2988 |   2922 |     66 |      6 |   2443 |   3 |  996.0 |
       Dungeon |   2988 |   2922 |     66 |      6 |   2443 |   3 |  996.0 |
               +--------+--------+--------+--------+--------+-----+--------+

Top non-repeatable levels by time:
     D:2: 1593 daAuts
     D:1: 1158 daAuts
     D:3: 236 daAuts
